 Dungeon Crawl Stone Soup version 0.29.1-12-g30fa7ad0bf (webtiles) character file.

Game seed: 11535154811297373581

1424 Tirrikindir the Twirler (level 8, -2/55 HPs)
             Began as an Octopode Fighter on Dec 27, 2022.
             Was an Initiate of Gozag.
             Slain by a two-headed ogre
             ... wielding a +0 giant spiked club
              (32 damage)
             ... on level 6 of the Dungeon.
             The game lasted 00:14:04 (6691 turns).

Tirrikindir the Twirler (Octopode Fighter)          Turns: 6691, Time: 00:14:04

Health: -2/55      AC:  1    Str: 16    XL:     8   Next: 72%
Magic:  11/11      EV: 18    Int: 10    God:    Gozag
Gold:   243        SH:  5    Dex: 13    Spells: 11/11 levels left

rFire   . . .      SeeInvis .   e - staff of air
rCold   . . .      Faith    .   b - +0 buckler
rNeg    . . .      Spirit   .   (helmet restricted)
rPois   .          Reflect  .   (no amulet)
rElec   +          Harm     .   l - ring of wizardry
rCorr   .          Rampage  .   f - ring of flight
Will    .....                   i - +4 ring of evasion
Stlth   ++++......              B - ring of wizardry
HPRegen 0.18/turn               (no ring)
MPRegen 0.12/turn               (no ring)
                                (no ring)
                                (no ring)

@: flying
A: almost no armour, amphibious, 8 rings, camouflage 1, gelatinous body 1,
(nimble swimmer 1), tentacles
a: Renounce Religion, Potion Petition, Call Merchant, Bribe Branch


You were on level 6 of the Dungeon.
You worshipped Gozag.
Gozag was aware of your devotion.
You visited 1 branch of the dungeon, and saw 6 of its levels.

You collected 334 gold pieces.
You paid 91 gold pieces to Gozag.

Inventory:

Hand Weapons
 a - a +0 long sword
 o - a +1 mace of draining
Missiles
 E - 4 poisoned darts (quivered)
Armour
 b - a +0 buckler (worn)
Magical Staves
 e - a staff of air (weapon)
Jewellery
 f - a ring of flight (right tentacle)
 i - a +4 ring of evasion (on tentacle)
 l - a ring of wizardry (left tentacle)
 z - a ring of ice
 B - a ring of wizardry (on tentacle)
Wands
 t - a wand of flame (31)
 u - a wand of iceblast (13)
Scrolls
 g - 3 scrolls of teleportation
 h - 4 scrolls of immolation
 j - a scroll of enchant weapon
 m - a scroll of fog
 n - a scroll of silence {unknown}
 q - a scroll of magic mapping {unknown}
 v - a scroll of enchant armour {unknown}
 w - a scroll of summoning {unknown}
 x - a scroll of noise {unknown}
 y - a scroll of fear {unknown}
Potions
 c - 3 potions of might
 d - a potion of curing
 k - 4 potions of flight
 p - a potion of magic {unknown}
 r - a potion of berserk rage {unknown}
 s - a potion of degeneration {unknown}
 C - a potion of resistance {unknown}
 D - a potion of heal wounds
 F - a potion of cancellation {unknown}


   Skills:
 - Level 5.0 Fighting
 - Level 2.0 Long Blades
 * Level 5.8 Staves
 - Level 4.0 Dodging
 + Level 5.6 Stealth
 - Level 4.0 Shields
 - Level 2.0 Spellcasting
 - Level 3.0 Air Magic
 - Level 3.0 Evocations


You had 11 spell levels left.
You didn't know any spells.
Your spell library contained the following spells:

 Spells                   Type           Power      Damage    Failure   Level
 Ozocubu's Armour         Ice            1%         N/A       28%         3
 Metabolic Englaciation   Hex/Ice        0%         N/A       92%         5
 Simulacrum               Ice/Necr       Unusable   N/A       N/A         6

Dungeon Overview and Level Annotations

Branches:
Dungeon (6/15)
 Temple: D:4-7

Altars:
Gozag
Hepliaklqana
Nemelex Xobeh
Sif Muna
Trog
Xom

Shops:
D:6 [=


Innate Abilities, Weirdness & Mutations

You cannot wear most types of armour.
You are amphibious.
You can wear up to eight rings at the same time.
Your skin changes colour to match your surroundings (Stealth+).
Your rubbery body absorbs attacks. (AC +1, EV +1)
((You are camouflaged when in or above water. (Stealth+)))
You have tentacles for arms and can constrict up to eight enemies at once.


Message History

Throw: 6 darts (poison)
Press: ? - help, Q - select action, (/) - cycle Shift-Dir - straight line, f/p - two-headed ogre
Aim: a two-headed ogre, wielding a +0 giant spiked club and a +0 giant club (moderately wounded, poisoned, 74% to hit)
You throw a poisoned dart.
The poisoned dart hits the two-headed ogre.
The two-headed ogre is moderately wounded.
The two-headed ogre looks more healthy.
Throw: 5 darts (poison)
Press: ? - help, Q - select action, (/) - cycle Shift-Dir - straight line, f/p - two-headed ogre
Aim: a two-headed ogre, wielding a +0 giant spiked club and a +0 giant club (moderately wounded, 74% to hit)
You throw a poisoned dart.
The poisoned dart hits the two-headed ogre.
The two-headed ogre is poisoned.
The two-headed ogre is moderately wounded.
You hit the two-headed ogre.
The two-headed ogre is moderately wounded.
You block the two-headed ogre's attack. The two-headed ogre barely misses you.
You hit the two-headed ogre.
The two-headed ogre is electrocuted.
The two-headed ogre is moderately wounded.
You block the two-headed ogre's attack. x2
You hit the two-headed ogre.
The two-headed ogre is electrocuted.
You squeeze the two-headed ogre.
The two-headed ogre is heavily wounded.
You hit the two-headed ogre.
You squeeze the two-headed ogre, but do no damage.
The two-headed ogre is heavily wounded.
You block the two-headed ogre's attack.
The two-headed ogre completely misses you.
You hit the two-headed ogre. You squeeze the two-headed ogre!
The two-headed ogre is severely wounded.
The two-headed ogre hits you with a +0 giant spiked club!!
The two-headed ogre barely misses you.
You hit the two-headed ogre. You squeeze the two-headed ogre.
The two-headed ogre is almost dead.
You barely miss the two-headed ogre.
The two-headed ogre is almost dead.
The two-headed ogre hits you with a +0 giant spiked club!!
Ouch! That really hurt!
You die...
Your body crumbles into a pile of gold.

...........##.
#...######....#.##...##
.#......................
........................
.......................
.##.....##..............
........................
........###...†.........
#@+∩#..###........
#O###..###..###### #(#
#......#..... #(#
#......#.....
##(#######...#.....
+.......##...<.####
#.....##.....##...#.#
.?.#... #.....##...#∩# $
#... #.....##...#.#


You could see a two-headed ogre (poisoned).

Vanquished Creatures
  Sigmund (D:3)
  A water moccasin (D:6)
  An ogre (D:5)
  A phantom (D:3)
  A kobold brigand (D:5)
  A necrophage (D:5)
  4 bullfrogs
  3 scorpions
  A howler monkey (D:6)
  A hound (D:6)
  An orc priest (D:5)
  Ijyb (D:3)
  Jessica (D:3)
  2 iguanas
  An orc wizard (D:5)
  11 adders
  2 white imps (D:5)
  2 worms
  A dart slug (D:2)
  16 orcs
  8 ball pythons
  2 endoplasms
  A giant cockroach (D:1)
  4 goblins
  5 hobgoblins
  4 quokkas
  4 bats (D:1)
  3 frilled lizards
  10 kobolds
  7 rats
101 creatures vanquished.

Vanquished Creatures (others)
  5 dream sheep (D:3)
  Terence (D:3)
  2 orcs (D:5)
8 creatures vanquished.

Grand Total: 109 creatures vanquished

Notes
Turn   | Place    | Note
-------+----------+-------------------------------------------
     0 | D:1      | Tirrikindir the Octopode Fighter began the quest for the
                  | Orb.
     0 | D:1      | Reached XP level 1. HP: 16/16 MP: 1/1
   133 | D:1      | Found a faded altar of an unknown god.
   417 | D:1      | Reached XP level 2. HP: 21/21 MP: 2/2
   762 | D:1      | Reached skill level 1 in Stealth
  1238 | D:2      | Reached skill level 1 in Staves
  1238 | D:2      | Reached XP level 3. HP: 23/26 MP: 3/3
  1311 | D:2      | Reached skill level 1 in Air Magic
  1665 | D:2      | Reached XP level 4. HP: 22/31 MP: 5/5
  2483 | D:3      | Reached skill level 1 in Spellcasting
  2557 | D:3      | Noticed a phantom
  2562 | D:3      | Found a hazy altar of Hepliaklqana.
  2567 | D:3      | Killed a phantom
  2568 | D:3      | Reached XP level 5. HP: 17/37 MP: 6/6
  2595 | D:3      | Noticed Jessica
  2609 | D:3      | Killed Jessica
  2966 | D:3      | Noticed Ijyb
  2979 | D:3      | Killed Ijyb
  2980 | D:3      | Reached XP level 6. HP: 15/43 MP: 6/8
  3196 | D:3      | Noticed a dream sheep
  3196 | D:3      | Noticed a dream sheep
  3196 | D:3      | Noticed a dream sheep
  3196 | D:3      | Noticed a dream sheep
  3196 | D:3      | Noticed a dream sheep
  3196 | D:3      | Found a shimmering altar of Xom.
  3200 | D:3      | Killed a dream sheep
  3200 | D:3      | Killed a dream sheep
  3200 | D:3      | Killed a dream sheep
  3200 | D:3      | Killed a dream sheep
  3202 | D:3      | Killed a dream sheep
  3202 | D:3      | Killed Terence
  3209 | D:3      | Noticed Sigmund
  3224 | D:3      | Killed Sigmund
  3481 | D:3      | Found a bloodstained altar of Trog.
  3581 | D:4      | Reached skill level 1 in Evocations
  3581 | D:4      | Reached XP level 7. HP: 43/49 MP: 9/9
  4677 | D:5      | Entered Level 5 of the Dungeon
  5424 | D:5      | Reached skill level 5 in Fighting
  5424 | D:5      | Reached XP level 8. HP: 29/55 MP: 11/11
  6154 | D:6      | Found Aklanax's Jewellery Emporium.
  6170 | D:6      | Found Wios's Armour Boutique.
  6186 | D:6      | Found an opulent altar of Gozag.
  6187 | D:6      | Found a sparkling altar of Nemelex Xobeh.
  6192 | D:6      | Became a worshipper of Gozag Ym Sagoz the Greedy
  6270 | D:6      | Reached skill level 5 in Staves
  6270 | D:6      | Reached skill level 5 in Stealth
  6548 | D:6      | Found a shimmering blue altar of Sif Muna.
  6669 | D:6      | Noticed a two-headed ogre
  6691 | D:6      | Slain by a two-headed ogre

Illustrated notes

Levels and vault maps discovered:
D:1:      mainiacjoe_arrival_reflecting_pool, layout_basic,
          hellmonk_ecumenical_altar_blasted, chequers_serial_rivers_micro_a,
          minmay_heptomino_l4
D:2:      layout_loops_ring
D:3:      layout_rooms, trog_book, mainiacjoe_overflow_tiny_flanked,
          kb_xom_exploding_sheep, uniq_sigmund, uniq_ijyb, uniq_jessica,
          uniq_terence
D:4:      layout_basic
D:5:      layout_rooms
D:6:      layout_basic, grunt_temple_overflow_opulence, lemuel_crystal_altar,
          mainiacjoe_overflow_large_starburst, minmay_temple_entry_wispy,
          serial_shops, nicolae_shop_window_shopping,
          minmay_shop_enchanted_jewellery, kb_rosetta

Skill      XL: |  1  2  3  4  5  6  7  8 |
---------------+-------------------------+-----
Stealth        | 1 2 3 5 |  5.6
Staves         | 1 2 3 5 |  5.8
Air Magic      | 1 2 3 |  3.0
Spellcasting   | 1 2 |  2.0
Fighting       | 4 5 |  5.0
Evocations     | 1 2 3 |  3.0
Dodging        | 4 |  4.0
Shields        | 4 |  4.0
Long Blades    | |  2.0

Action                   |  1- 3 |  4- 6 |  7- 9 || total
-------------------------+-------+-------+-------++-------
Melee: Staff             |    82 |    61 |   175 ||   318
       Constrict         |    19 |    16 |    45 ||    80
       Tentacles         |    17 |    12 |    47 ||    76
       Punch             |       |     2 |     4 ||     6
Throw: Dart              |       |       |     4 ||     4
Evoke: Wand              |       |     4 |     1 ||     5
  Use: Scroll            |     3 |     3 |     2 ||     8
       Potion            |       |     5 |     6 ||    11
 Stab: Sleeping          |     6 |     7 |     6 ||    19
       Distracted        |       |       |     1 ||     1
Armor: Skin              |     4 |     1 |     7 ||    12
Dodge: Dodged            |    53 |    23 |    63 ||   139
Block: Buckler           |    21 |     6 |    43 ||    70
